 Dungeon Crawl Stone Soup version 0.30-a0-222-ge547ba4400 (webtiles) character file.

Game seed: 8558694727237526671

8356 Aibolit the Cleaver (level 11, -15/95 HPs)
             Began as a Hill Orc Fighter on Oct 8, 2022.
             Was an Initiate of Gozag.
             Demolished by a polar bear (24 damage)
             ... on level 2 of the Lair of Beasts.
             The game lasted 00:35:15 (15399 turns).

Aibolit the Cleaver (Hill Orc Fighter)             Turns: 15399, Time: 00:35:16

Health: -15/95     AC: 20    Str: 24    XL:     11   Next: 29%
Magic:  11/11      EV:  8    Int:  8    God:    Gozag
Gold:   856        SH: 12    Dex: 16    Spells: 10/10 levels left

rFire   . . .      SeeInvis .    G - +4 short sword (freeze)
rCold   . . .      Faith    .    d - +1 kite shield
rNeg    . . .      Spirit   .    g - +1 chain mail
rPois   .          Reflect  .    Q - +0 helmet
rElec   .          Harm     .    k - +0 cloak
rCorr   .          Rampage  .    (no gloves)
Will    .....                    e - +0 pair of boots
Stlth   ..........               (no amulet)
HPRegen 0.35/turn                l - +4 ring of protection
MPRegen 0.12/turn                t - +6 ring of dexterity

@: no status effects
A: no striking features
a: Renounce Religion, Potion Petition, Call Merchant, Bribe Branch


You were on level 2 of the Lair of Beasts.
You worshipped Gozag.
Gozag was pleased with you.
You visited 3 branches of the dungeon, and saw 12 of its levels.

You collected 1206 gold pieces.
You spent 196 gold pieces at shops.
You paid 154 gold pieces to Gozag.

Inventory:

Hand Weapons
 z - a +0 hand axe of freezing
 G - a +4 short sword of freezing (weapon)
Missiles
 b - a throwing net (quivered)
Armour
 d - a +1 kite shield (worn)
 e - a +0 pair of boots (worn)
 g - a +1 chain mail (worn)
 k - a +0 cloak (worn)
 I - a +2 pair of boots
 Q - a +0 helmet (worn)
Jewellery
 l - a +4 ring of protection (left hand)
 t - a +6 ring of dexterity (right hand)
 E - a +4 ring of protection
 K - a ring of wizardry
 O - a ring of positive energy
Wands
 c - a wand of charming (3)
 C - a wand of flame (57)
 H - a wand of roots (5)
Scrolls
 a - a scroll of identify
 h - 2 scrolls of teleportation
 i - 5 scrolls of poison
 j - 2 scrolls of amnesia
 m - 2 scrolls of torment
 o - a scroll of acquirement {unknown}
 q - a scroll of summoning
 u - a scroll of noise
 y - 2 scrolls of vulnerability
 A - 2 scrolls of butterflies
 F - a scroll of enchant weapon
 J - a scroll of immolation {unknown}
 L - 2 scrolls of blinking
Potions
 f - 2 potions of mutation {unknown}
 n - 3 potions of flight {unknown}
 p - 2 potions of brilliance {unknown}
 r - a potion of magic {unknown}
 s - 3 potions of invisibility {unknown}
 v - a potion of berserk rage {unknown}
 w - 2 potions of heal wounds {unknown}
 x - 4 potions of lignification
 B - 6 potions of degeneration
 D - 4 potions of cancellation
 M - 2 potions of attraction {unknown}
 N - a potion of ambrosia {unknown}
 P - 2 potions of haste {unknown}


   Skills:
 + Level 8.7 Fighting
 + Level 7.9 Short Blades
 + Level 9.7 Axes
 + Level 9.5 Armour
 + Level 3.0 Dodging
 - Level 1.0 Stealth
 + Level 8.9 Shields


You had 10 spell levels left.
You didn't know any spells.
Your spell library contained the following spells:

 Spells                   Type           Power      Damage    Failure   Level
 Magic Dart               Conj           0%         1d3       99%         1
 Call Imp                 Summ           0%         N/A       100%        2
 Cigotuvi's Dreadful Rot  Necr/Pois/Air  0%         N/A       100%        2
 Poisonous Vapours        Pois/Air       0%         N/A       100%        2
 Sublimation of Blood     Necr           0%         N/A       100%        2
 Wereblood                Tmut           0%         N/A       100%        2
 Gell's Gravitas          Tloc           0%         N/A       100%        3
 Mephitic Cloud           Conj/Pois/Air  0%         N/A       100%        3
 Teleport Other           Tloc           0%         N/A       100%        3
 Iskenderun's Battlesphe  Conj           0%         2d6       100%        5
 Dispersal                Tloc           0%         N/A       100%        6
 Iron Shot                Conj/Erth      0%         9d1       100%        6
 Spellforged Servitor     Conj/Summ      0%         N/A       100%        7
 Summon Hydra             Summ           0%         N/A       100%        7


Dungeon Overview and Level Annotations

Branches:
Dungeon (9/15)             Temple (1/1) D:7            Lair (2/5) D:8
  Snake (0/4) Lair:2
  Swamp: Lair:2-3    Shoals: Lair:2-3       Orc: D:9-12

Altars:
Ashenzari
Cheibriados
Dithmenos
Elyvilon
Fedhas
Gozag
Hepliaklqana
Kikubaaqudgha
Makhleb
Nemelex Xobeh
Okawaru
Qazlal
Ru
Sif Muna
Trog
Uskayaw
Vehumet
Wu Jian
Xom
Yredelemnul
Zin
The Shining One
Jiyva

Shops:
D:1 ?   D:2 [   D:6 *   D:8 !

Annotations:
D:3 2 runed translucent doors, twist's ghost, amateur VSBr
Temple 2 transporters
Lair:1 3 runed translucent doors, grizmgrazm2's ghost, novice OgTm


Message History

The polar bear claws you but does no damage.
You hit the polar bear.
The polar bear is almost dead.
The polar bear bites you but does no damage.
You block the polar bear's attack. The polar bear claws you.
* * * LOW HITPOINT WARNING * * *
You closely miss the polar bear.
The polar bear is almost dead.
The polar bear bites you.
* * * LOW HITPOINT WARNING * * *
The polar bear barely misses you.
The polar bear claws you but does no damage.
The polar bear bites you.
* * * LOW HITPOINT WARNING * * *
You block the polar bear's attack.
The polar bear claws you but does no damage.
You hit the polar bear.
The polar bear is almost dead.
You block the polar bear's attack.
The polar bear claws you but does no damage.
You block the polar bear's attack.
You barely miss the polar bear.
The polar bear is almost dead.
You block the polar bear's attack.
The polar bear claws you but does no damage.
The polar bear barely misses you.
You hit the polar bear but do no damage.
The polar bear is almost dead.
The polar bear bites you but does no damage.
You block the polar bear's attack. x2
You hit the polar bear but do no damage.
The polar bear is almost dead.
The polar bear bites you.
* * * LOW HITPOINT WARNING * * *
The polar bear closely misses you. You block the polar bear's attack.
You barely miss the polar bear.
The polar bear is almost dead.
The polar bear bites you!!
You die...
Your body crumbles into a pile of gold.

##........(.....#
#P..^...........#
##..............#
.P
#..........)...##.#
#.......>.........#
#................##
#.................#
.................P#
..........@h.....##
..........<...###
###..P.####..##
##### ###


You could see a polar bear (berserk).

Vanquished Creatures
  A hydra (Lair:1)
  2 cane toads (Lair:1)
  A komodo dragon (D:8)
  2 hornets (D:7)
  Prince Ribbit (D:8)
  A spriggan (Lair:1)
  2 wyverns
  A steam dragon (D:7)
  A basilisk (Lair:1)
  5 water moccasins
  3 orc warriors
  2 sky beasts
  3 ogres
  2 black bears (D:5)
  7 wolves (Lair:1)
  2 centaurs
  4 phantoms
  A necrophage (D:6)
  2 gnoll sergeants
  5 scorpions
  6 bullfrogs
  12 wights
  10 killer bees
  An electric eel (D:6)
  A howler monkey (D:7)
  2 jellies
  4 orc priests
  A gnoll bouda (D:9)
  5 hounds
  3 iguanas
  9 orc wizards
  Natasha (thrice) (D:2)
  A mummy (D:6)
  13 gnolls
  9 adders
  3 dart slugs
  57 orcs
  14 ball pythons
  8 bats
  5 endoplasms
  3 giant cockroaches
  9 goblins
  7 hobgoblins
  7 jackals
  5 quokkas
  3 frilled lizards
  2 hobgoblin zombies (D:6)
  6 kobolds
  A kobold zombie (D:6)
  An orc zombie (D:6)
  5 rats
264 creatures vanquished.

Vanquished Creatures (others)
  2 orc wizards
  4 fungi (Lair:2)
  13 plants
  2 withered plants (D:7)
21 creatures vanquished.

Grand Total: 285 creatures vanquished

Notes
Turn   | Place    | Note
-------+----------+-------------------------------------------
     0 | D:1      | Aibolit the Hill Orc Fighter began the quest for the Orb.
     0 | D:1      | Reached XP level 1. HP: 19/19 MP: 1/1
    27 | D:1      | Found Motrol's Magic Scroll Emporium.
   166 | D:1      | Reached XP level 2. HP: 25/27 MP: 2/2
   485 | D:1      | Reached XP level 3. HP: 33/33 MP: 3/3
   775 | D:1      | Bought a scroll of identify for 22 gold pieces
   883 | D:2      | Found a faded altar of an unknown god.
   897 | D:2      | Reached XP level 4. HP: 38/40 MP: 4/4
  1078 | D:2      | Noticed Natasha
  1084 | D:2      | Killed Natasha
  1254 | D:2      | Noticed Natasha
  1272 | D:2      | Killed Natasha
  1273 | D:2      | Reached skill level 5 in Axes
  1273 | D:2      | Reached XP level 5. HP: 18/46 MP: 5/5
  1677 | D:2      | Found Piumo's Armour Shoppe.
  1799 | D:2      | Noticed Natasha
  1805 | D:2      | Killed Natasha
  1892 | D:3      | Found a large runed translucent door.
  1892 | D:3      | Found a large runed translucent door.
  1952 | D:3      | Reached XP level 6. HP: 30/53 MP: 6/6
  2049 | D:3      | Noticed twist's ghost (amateur VSBr)
  2922 | D:4      | Reached skill level 1 in Dodging
  3090 | D:4      | Reached XP level 7. HP: 52/60 MP: 7/7
  4056 | D:5      | Entered Level 5 of the Dungeon
  4086 | D:5      | Reached skill level 5 in Fighting
  4086 | D:5      | Reached XP level 8. HP: 57/68 MP: 8/8
  4282 | D:5      | Reached skill level 5 in Armour
  4680 | D:5      | Reached skill level 1 in Short Blades
  5087 | D:5      | Found a bloodstained altar of Trog.
  5102 | D:5      | Reached skill level 5 in Shields
  5140 | D:5      | Found a shadowy altar of Dithmenos.
  5213 | D:5      | Noticed a yak
  5213 | D:5      | Noticed a yak
  5229 | D:5      | Noticed a yak
  5700 | D:6      | Found Lumatz's Mayhem Merchandise.
  5920 | D:6      | Reached XP level 9. HP: 72/75 MP: 9/9
  5966 | D:6      | Bought a +0 hand axe of freezing for 74 gold pieces
  7054 | D:6      | Reached skill level 5 in Short Blades
  7467 | D:7      | Found a staircase to the Ecumenical Temple.
  8126 | Temple   | Entered the Ecumenical Temple
  8126 | Temple   | Found a transporter.
  8126 | Temple   | Found a transporter.
  8128 | Temple   | Found a transporter.
  8128 | Temple   | Found a transporter.
  8151 | Temple   | Became a worshipper of Gozag Ym Sagoz the Greedy
  8215 | D:7      | Found a blossoming altar of Fedhas.
  8215 | D:7      | Found an ancient bone altar of Kikubaaqudgha.
  8406 | D:7      | Found a glowing golden altar of the Shining One.
  8855 | D:8      | Noticed a hornet
  8855 | D:8      | Found Welafad's Distillery.
  9060 | D:8      | Noticed a hornet
  9078 | D:7      | Paralysed by a hornet for 1 turns
  9091 | D:7      | Killed a hornet
  9092 | D:7      | Reached XP level 10. HP: 42/84 MP: 10/10
  9319 | D:7      | Paralysed by a hornet for 2 turns
  9631 | D:7      | Paralysed by a hornet for 1 turns
  9839 | D:8      | Bought a potion of curing for 30 gold pieces
  9839 | D:8      | Bought a potion of lignification for 30 gold pieces
  9839 | D:8      | Bought a potion of curing for 30 gold pieces
  9839 | D:8      | Bought a potion of degeneration for 10 gold pieces
 10539 | D:8      | Noticed Prince Ribbit
 10560 | D:8      | Killed Prince Ribbit
 11275 | D:8      | Found a staircase to the Lair.
 11422 | Lair:1   | Entered Level 1 of the Lair of Beasts
 11429 | Lair:1   | Noticed a cane toad
 12119 | D:9      | Noticed a manticore
 12428 | D:9      | Noticed a catoblepas
 12974 | Lair:1   | Killed a cane toad
 12975 | Lair:1   | Reached skill level 1 in Stealth
 13657 | Lair:1   | Found a runed translucent gate.
 13657 | Lair:1   | Found a runed translucent gate.
 13657 | Lair:1   | Found a runed translucent gate.
 13657 | Lair:1   | Noticed a great orb of eyes
 13658 | Lair:1   | Noticed grizmgrazm2's ghost (novice OgTm)
 13715 | Lair:1   | Reached XP level 11. HP: 86/95 MP: 11/11
 14247 | Lair:1   | Noticed a seven-headed hydra
 14269 | Lair:1   | Killed a seven-headed hydra
 14653 | Lair:1   | Found a viscous altar of Jiyva.
 14842 | Lair:2   | Found a staircase to the Snake Pit.
 15399 | Lair:2   | Demolished by a polar bear

Illustrated notes

Levels and vault maps discovered:
D:1:      lightli_arrival_statuegarden, layout_basic, serial_shops,
          nicolae_shop_behind_doors
D:2:      layout_loops_corners, nicolae_ecumenical_snake_handling, serial_shops,
          nicolae_shop_behind_doors, grunt_ministairs_4, uniq_natasha
D:3:      kennysheep_the_goblin_king, layout_rooms, ebering_ghost_disaster_area
D:4:      layout_loops_ring, serial_bayou_lagoon_a
D:5:      layout_cave_pools, amcnicky_altar_gilded, trog_ov_bears_minmay,
          nicolae_figureground_pulse
D:6:      cheibrodos_helix_gallery, layout_basic, minmay_shop_mayhem,
          hex_medium, minmay_mini_ossuary
D:7:      layout_cave_pools, kennysheep_little_box,
          grunt_temple_overflow_growth_and_decay, lightli_minifort
D:8:      layout_cave_pools, dpeg_oklobed_lair, serial_shops, shop,
          uniq_prince_ribbit1
D:9:      minmay_the_grid_octo_tiled_squarecenter
          [minmay_the_grid_octo_concentric, minmay_the_grid_octo_horde,
          minmay_the_grid_octo_shrine, minmay_the_grid_octo_chip,
          minmay_the_grid_square_5x5_megaprize_hollow,
          minmay_the_grid_square_5x5_lines,
          minmay_the_grid_square_5x5_minivault, minmay_the_grid_square_5x5_plus,
          minmay_the_grid_square_5x5_shrine1], layout_basic, serial_rivers,
          chequers_serial_rivers_micro_b, chequers_serial_rivers_small_3,
          chequers_serial_rivers_small_3, chequers_serial_rivers_room_b,
          chequers_serial_rivers_small_b, chequers_serial_rivers_large_b
Temple:   hellmonk_temple_divided_pantheon
Lair:1:   layout_misc_corridors, gammafunk_ghost_ooze,
          grunt_forest_large_clearing_hut
Lair:2:   layout_gridlike, dummy_snake_entry

Skill      XL: |  1  2  3  4  5  6  7  8  9 10 11 |
---------------+----------------------------------+-----
Fighting       | 4 5 6 8 |  8.7
Axes           | 3 5 6 7 9 |  9.7
Shields        | 4 5 6 8 |  8.9
Armour         | 4 6 7 8 9 |  9.5
Dodging        | 1 2 3 |  3.0
Short Blades   | 3 5 7 |  7.9
Stealth        | 1 |  1.0

Action                   |  1- 3 |  4- 6 |  7- 9 | 10-12 || total
-------------------------+-------+-------+-------+-------++-------
Melee: War axe           |    87 |   201 |    44 |       ||   332
       Short sword       |       |       |   556 |   696 ||  1252
Throw: Throwing net      |       |     1 |       |       ||     1
Evoke: Wand              |       |       |       |     1 ||     1
  Use: Scroll            |     3 |       |     9 |    12 ||    24
       Potion            |       |     1 |     2 |     5 ||     8
 Stab: Distracted        |       |       |       |     2 ||     2
       Petrified         |       |       |       |     1 ||     1
Armor: Scale mail        |     8 |       |       |       ||     8
       Chain mail        |    62 |   133 |   415 |   387 ||   997
Dodge: Dodged            |    44 |    70 |   152 |   226 ||   492
Block: Buckler           |    28 |    43 |    22 |       ||    93
       Kite shield       |       |       |   237 |   442 ||   679

Table legend: (Time is in decaauts)
 A = Elapsed time spent in this place.
 B = Non-inter-level travel time spent in this place.
 C = Inter-level travel time spent in this place.
 D = Time resting spent in this place.
 E = Time spent auto-exploring this place.
 F = Levels seen in this place.
 G = Mean time per level.
                   A        B        C        D        E       F      G
               +--------+--------+--------+--------+--------+-----+--------+
         Total |  15387 |  13611 |   1776 |   5709 |   4847 |  12 | 1282.2 |
       Dungeon |  13010 |  11567 |   1443 |   4837 |   4133 |   9 | 1445.6 |
        Temple |     39 |      4 |     35 |      0 |      0 |   1 |   39.0 |
          Lair |   2337 |   2039 |    298 |    872 |    714 |   2 | 1168.5 |
               +--------+--------+--------+--------+--------+-----+--------+

Top non-repeatable levels by time:
     D:7: 3102 daAuts
  Lair:1: 2169 daAuts
     D:8: 1593 daAuts
     D:5: 1590 daAuts
     D:4: 1500 daAuts
     D:6: 1380 daAuts
     D:9: 1177 daAuts
     D:2: 1090 daAuts
     D:1: 843 daAuts
     D:3: 730 daAuts
  Lair:2: 168 daAuts
  Temple: 39 daAuts
